AoeStats
← Mr.Robin

Arena

511023388Analyzed
4v4 RM · 10h ago on Oct 3, 2026· 52m 42s· 8 players
Game mode
Random Map
Map size
Large (8 player)
Population
200
Speed
Normal
Resources
Standard
Victory
Conquest
Starting age
Dark Age
Ending age
Imperial Age
RankedLock teamsTeams togetherTeam positionsShared explorationLock speedFull tech treeHidden civsTurbo modeCheats
Victory
Defeat
🇲🇽 Khmer · Mexico
1489
+11
🇨🇳 Hindustanis · China
1397
+15
🇻🇳 Teutons · Vietnam
1376
+16
🇨🇦 Cumans · Canada
1372
+16
🇨🇳 Jurchens · China
1541
-21
🇨🇳 Gurjaras · China
1422
-16
1331
-13
🇦🇷 Vietnamese · Argentina
1214
-8
胖过
10:38 Feudal Age
14:33 Castle Age
12:22 Double-Bit Axe
12:36 Horse Collar
15:40 Bow Saw
20:20 Stone Mining
20:46 Gold Mining
21:36 Scale Barding Armor
22:32 Forging
24:48 Loom
25:38 Bloodlines
26:06 Husbandry
27:19 Grand Trunk Road
27:57 Iron Casting
28:04 Chain Barding Armor
30:10 Heavy Plow
31:43 Wheelbarrow
34:10 Imperial Age
34:52 Hand Cart
34:23 Town Watch
35:19 Stone Shaft Mining
35:21 Gold Shaft Mining
34:43 Heavy Camel Rider
35:52 Conscription
37:02 Plate Barding Armor
37:27 Blast Furnace
37:12 Imperial Camel Rider
38:24 Fletching
38:35 Padded Archer Armor
39:40 Chemistry
39:02 Ballistics
38:38 Murder Holes
38:54 Masonry
45:12 Caravan
44:44 Light Cavalry
46:51 Two-Man Saw
45:50 Bodkin Arrow
46:53 Bracer
46:54 Hussar
shogun
5:55 Loom
8:28 Feudal Age
10:05 Fletching
19:23 Double-Bit Axe
19:22 Horse Collar
19:58 Forging
19:49 Scale Mail Armor
21:15 Wheelbarrow
32:46 Castle Age
33:47 Bow Saw
33:40 Heavy Plow
33:59 Hand Cart
34:37 Gold Mining
34:38 Stone Mining
36:38 Stone Shaft Mining
39:12 Scale Barding Armor
39:44 Iron Casting
40:13 Chain Mail Armor
45:44 Imperial Age
44:46 Chain Barding Armor
44:27 Pikeman
45:19 Squires
45:07 Gambesons
45:55 Halberdier
47:45 Blast Furnace
47:16 Plate Mail Armor
48:45 Plate Barding Armor
48:01 Arson
48:10 Cavalier
49:46 Bloodlines
50:36 Conscription
49:46 Paladin
50:55 Bodkin Arrow
CAXCAN
10:58 Feudal Age
11:02 Man-at-Arms
13:28 Scale Mail Armor
14:26 Forging
16:55 Wheelbarrow
20:21 Horse Collar
20:27 Double-Bit Axe
24:49 Castle Age
23:42 Arson
25:22 Pikeman
25:22 Long Swordsman
26:20 Chain Mail Armor
27:13 Loom
28:18 Iron Casting
32:27 Hand Cart
33:22 Heavy Plow
37:45 Imperial Age
36:01 Scale Barding Armor
37:40 Bloodlines
37:31 Husbandry
37:52 Chain Barding Armor
38:25 Fortified Wall
38:42 Bow Saw
38:19 Town Watch
40:08 Crop Rotation
41:28 Plate Barding Armor
41:09 Elite Battle Elephant
43:20 Blast Furnace
43:17 Tusk Swords
43:39 Conscription
44:47 Light Cavalry
49:41 Hussar
51:54 Heavy Scorpion
52:57 Ballistics
52:43 Siege Engineers
53:40 Chemistry
52:41 Double Crossbow
Nuclear Energy
7:13 Loom
9:20 Feudal Age
10:48 Double-Bit Axe
18:34 Town Watch
20:56 Wheelbarrow
24:36 Castle Age
23:24 Gold Mining
23:39 Horse Collar
24:37 Capped Ram
30:59 Hand Cart
30:58 Bow Saw
32:02 Stone Mining
32:23 Heavy Plow
33:40 Gold Shaft Mining
34:19 Fletching
34:29 Padded Archer Armor
35:42 Fervor
35:53 Sanctity
37:51 Forging
37:42 Scale Mail Armor
37:59 Bodkin Arrow
38:20 Leather Archer Armor
38:05 Pikeman
38:51 Squires
42:44 Imperial Age
41:26 Steppe Husbandry
42:49 Elite Kipchak
44:00 Ring Archer Armor
43:54 Ballistics
44:35 Chemistry
44:54 Conscription
46:24 Masonry
46:11 Murder Holes
50:08 Crop Rotation
49:36 Siege Ram
52:04 Caravan
53:06 Two-Man Saw
Mr.Robin
9:57 Feudal Age
11:00 Loom
14:14 Castle Age
12:49 Double-Bit Axe
12:45 Horse Collar
15:17 Bow Saw
22:10 Sanctity
23:27 Redemption
24:34 Fervor
26:05 Stone Mining
26:08 Gold Mining
27:24 Wheelbarrow
29:12 Fletching
29:55 Bodkin Arrow
33:38 Imperial Age
32:19 Hand Cart
34:34 Gold Shaft Mining
34:49 Scale Barding Armor
34:54 Forging
35:05 Town Watch
35:38 Bloodlines
35:28 Husbandry
35:46 Heavy Camel Rider
37:03 Frontier Guards
38:43 Kshatriyas
38:59 Conscription
38:31 Siege Elephant
40:12 Chain Barding Armor
41:48 Iron Casting
42:19 Heavy Plow
43:00 Hoardings
43:19 Plate Barding Armor
44:23 Hoardings
46:36 Chemistry
46:21 Elite Skirmisher
47:54 Bracer
47:50 Light Cavalry
48:00 Imperial Skirmisher
50:39 Padded Archer Armor
51:05 Hussar
小白妈妈
10:23 Feudal Age
11:06 Double-Bit Axe
14:13 Castle Age
15:27 Forging
15:35 Horse Collar
15:53 Loom
17:19 Bloodlines
19:13 Bow Saw
24:10 Iron Casting
27:22 Wheelbarrow
27:26 Husbandry
27:35 Scale Barding Armor
29:10 Hand Cart
31:25 Husbandry
32:24 Heavy Plow
32:15 Gold Mining
35:44 Imperial Age
35:16 Gold Shaft Mining
35:51 Elite Steppe Lancer
37:49 Blast Furnace
38:01 Chain Barding Armor
38:41 Guilds
40:52 Capped Ram
41:55 Conscription
41:42 Siege Engineers
42:23 Plate Barding Armor
41:45 Heavy Rocket Cart
42:49 Ballistics
43:30 Chemistry
43:15 Thunderclap Bombs
43:37 Town Watch
43:43 Fletching
44:39 Fortified Wall
44:25 Murder Holes
44:41 Masonry
45:05 Treadmill Crane
46:59 Hoardings
46:53 Scale Mail Armor
46:49 Bodkin Arrow
46:21 Elite Fire Lancer
47:42 Architecture
48:05 Chain Mail Armor
47:47 Bodkin Arrow
48:21 Squires
48:06 Arson
48:29 Light Cavalry
49:46 Hussar
50:43 Pikeman
51:37 Fortified Bastions
CYJ8564
2:12 Loom
11:05 Feudal Age
15:41 Castle Age
20:03 Castle Age
25:44 Double-Bit Axe
33:00 Bow Saw
36:37 Horse Collar
38:50 Wheelbarrow
45:25 Imperial Age
43:12 Hand Cart
43:33 Pikeman
44:15 Squires
44:26 Forging
44:17 Scale Mail Armor
45:57 Iron Casting
46:26 Gold Mining
46:27 Stone Mining
46:41 Heavy Plow
哭稀饭(2125613428)
8:39 Loom
11:16 Feudal Age
14:43 Castle Age
23:24 Double-Bit Axe
25:23 Horse Collar
30:28 Bow Saw
35:18 Imperial Age
33:48 Heavy Plow
34:28 Wheelbarrow
34:28 Gold Mining
34:28 Stone Mining
36:13 Ballistics
36:43 Fletching
38:29 Fortified Wall
38:17 Bodkin Arrow
38:51 Heavy Cavalry Archer
40:50 Bracer
41:35 Hand Cart
41:24 Heavy Cavalry Archer
43:26 Parthian Tactics
43:23 Conscription
43:16 Thumb Ring
44:04 Padded Archer Armor
44:58 Sipahi
45:52 Leather Archer Armor
47:27 Ring Archer Armor
48:16 Artillery
49:06 Bloodlines
48:57 Husbandry
Connection lost

Rejoining the realm…

Still unreachable

The connection could not be restored.

Session expired

The server has moved on; the page needs a fresh start.